 Dungeon Crawl Stone Soup version 0.28.0-43-g3370ac3207 (webtiles) character file.

Game seed: 15055853178099843906

256 Faeu the Covered (level 5, -13/48 HPs)
             Began as a Minotaur Fighter on Mar 23, 2022.
             Was an Initiate of Trog.
             Mangled by an ogre
             ... wielding a +0 giant spiked club
              (21 damage)
             ... on level 4 of the Dungeon.
             The game lasted 00:08:18 (3052 turns).

Faeu the Covered (Minotaur Fighter)                 Turns: 3052, Time: 00:08:19

Health: -13/48     AC:  8    Str: 22    XL:     5   Next: 92%
Magic:  4/4        EV:  9    Int:  5    God:    Trog [......]
Gold:   111        SH:  5    Dex: 16    Spells: 4/4 levels left

rFire   + . .      SeeInvis .   a - +0 long sword {long}
rCold   x . .      Faith    .   c - +0 buckler
rNeg    . . .      Spirit   .   b - +0 scale mail
rPois   .          Reflect  .   (helmet restricted)
rElec   .          Harm     .   (no cloak)
rCorr   .          Rampage  .   o - +0 pair of gloves
Will    .....                   (no boots)
Stlth   ..........              (no amulet)
HPRegen 0.16/turn               i - ring of fire
MPRegen 0.09/turn               j - +6 ring of dexterity

@: no status effects
A: horns 2, retaliatory headbutt
a: Renounce Religion


You were on level 4 of the Dungeon.
You worshipped Trog.
Trog was noncommittal.
You visited 1 branch of the dungeon, and saw 4 of its levels.

You collected 111 gold pieces.


Innate Abilities, Weirdness & Mutations

You have a pair of horns on your head.
You reflexively headbutt those who attack you in melee.


   Skills:
 + Level 5.1 Fighting
 + Level 4.2 Long Blades
 + Level 5.1 Armour
 + Level 5.0 Shields


You had 4 spell levels left.
You didn't know any spells.
Your spell library contained the following spells:

 Spells                   Type           Power      Damage    Failure   Level
 Summon Forest            Summ/Tloc      0%         N/A       100%        5
 Eringya's Noxious Bog    Tmut/Pois      0%         N/A       100%        6
 Summon Hydra             Summ           0%         N/A       100%        7

Inventory:

Hand Weapons
 a - a +0 long sword (weapon) {long}
Armour
 b - a +0 scale mail (worn)
 c - a +0 buckler (worn)
 o - a +0 pair of gloves (worn)
   (You found it on level 3 of the Dungeon)
Jewellery
 i - a ring of fire (left hand)
   (You found it on level 2 of the Dungeon)
 j - a +6 ring of dexterity (right hand)
   (You took it off a kobold on level 3 of the Dungeon)
Scrolls
 e - 3 scrolls of identify {unknown}
 f - 2 scrolls of teleportation {unknown}
 g - a scroll of fear {unknown}
 k - 2 scrolls of fog {unknown}
 n - a scroll of amnesia {unknown}
 p - a scroll of holy word {unknown}
Potions
 d - a potion of might
 h - a potion of mutation {unknown}
 l - 2 potions of magic {unknown}
 m - a potion of curing {unknown}

Dungeon Overview and Level Annotations

Branches:
Dungeon (4/15)
 Temple: D:4-7

Altars:
Elyvilon
Fedhas
Sif Muna
Trog
Vehumet

.## .# ..# .# #.#..#
###+###.#..####
#......(<......
#.......#...... ###
#......O....... #<#
#....>@........ #.#
##......#.......
#.#####
.'......+.>.....
#......
.#......###.....
######. #.......##...).
#. #............## #.
#######.##############.
#.##...........#.
#....#########.#.


You could see an ogre.


Message History

You hit the kobold.
You kill the kobold!
Trog accepts your kill.
There is an open door here.
Things that are here:
a +0 dagger {short}; a hobgoblin corpse
There is an open door here.
Things that are here:
a +0 dagger {short}; a hobgoblin corpse You now have 111 gold pieces (gained 9).
There is a stone staircase leading down here.
There is an open door here.
Things that are here:
a +0 dagger {short}; a hobgoblin corpse Done exploring.
You see here 14 stones {throwing}.
Done exploring.
Done exploring.
(D) Dungeon
Where to? (Enter - D:3, ? - help)
There is an open door here.
Things that are here:
a +0 dagger {short}; a hobgoblin corpse
There is a stone staircase leading down here.
You climb downwards.
There is a stone staircase leading up here.
An adder skeleton comes into view.
You closely miss the adder skeleton.
The adder skeleton bites you but does no damage.
You slash the adder skeleton!
Your headbutt misses the adder skeleton.
The adder skeleton closely misses you.
You slash the adder skeleton!
You destroy the adder skeleton!
Trog accepts your kill.
A necrophage comes into view.
A giant cockroach comes into view.
An ogre comes into view. It is wielding a +0 giant spiked club.
The ogre shouts!
The necrophage hits you but does no damage.
You hit the necrophage.
You headbutt the necrophage, but do no damage.
The necrophage completely misses you.
You hit the necrophage. You block the giant cockroach's attack.
The necrophage closely misses you.
The giant cockroach completely misses you.
You block the necrophage's attack.
You hit the necrophage. The giant cockroach closely misses you.
You furiously retaliate!
You headbutt the giant cockroach. You block the necrophage's attack.
You closely miss the necrophage. The giant cockroach closely misses you.
You furiously retaliate!
You headbutt the giant cockroach. The necrophage misses you.
You furiously retaliate!
You headbutt the necrophage, but do no damage.
The giant cockroach closely misses you.
You slash the necrophage! Your headbutt misses the necrophage.
The giant cockroach bites you but does no damage.
The necrophage hits you but does no damage.
The giant cockroach bites you but does no damage.
You slash the necrophage! You block the necrophage's attack.
The giant cockroach bites you but does no damage.
The necrophage hits you.
You feel drained. 😕 HP[-2]
You now have 46 max hp (-1).
You take 2 damage, and now have 45/46 hp.
You slash the necrophage!
You destroy the necrophage!
Trog accepts your kill.
The giant cockroach bites you but does no damage.
You block the giant cockroach's attack.
Your life force feels restored.
Your Fighting skill increases to level 5!
Your Long Blades skill increases to level 4!
Your Armour skill increases to level 5!
Your Shields skill increases to level 5! 😕 HP[+1]
You now have 48 max hp (+2).
The giant cockroach bites you. 😕 HP[-2]
You take 2 damage, and now have 44/48 hp.
You barely miss the giant cockroach.
The ogre hits you with a +0 giant spiked club!
You block the giant cockroach's attack. 😕 HP[-6]
You take 6 damage, and now have 38/48 hp.
You hit the giant cockroach.
You kill the giant cockroach!
Trog accepts your kill.
The ogre hits you with a +0 giant spiked club!!
* * * LOW HITPOINT WARNING * * *
😨 HP[-22]
You take 22 damage, and now have 16/48 hp.
MASSIVE DAMAGE!! (PAUSE)
The ogre hits you with a +0 giant spiked club!
* * * LOW HITPOINT WARNING * * *
😱 HP[-8]
You take 8 damage, and now have 8/48 hp.
The ogre hits you with a +0 giant spiked club!!
You die...

Skill      XL: |  1  2  3  4  5 |
---------------+----------------+-----
Fighting       | 4 5 |  5.1
Armour         | 4 5 |  5.1
Shields        | 4 5 |  5.0
Long Blades    | 3 4 |  4.2

Action                   |  1- 3 |  4- 6 || total
-------------------------+-------+-------++-------
Melee: Long sword        |    67 |    99 ||   166
       Headbutt          |    13 |    16 ||    29
Armor: Scale mail        |    32 |    36 ||    68
Dodge: Dodged            |    31 |    36 ||    67
Block: Buckler           |    14 |    26 ||    40

Levels and vault maps discovered:
D:1:      eino_arrival_water_star, layout_basic,
          shapermc_ecumenical_altar_mp_ritualfount, minmay_cut_off
D:2:      layout_basic, serial_glass, glass_columns_c, glass_columns_a,
          basic_altar, uniq_robin, uniq_terence
D:3:      minmay_evil_eye, layout_basic, grunt_temple_overflow_open,
          jmf_multi_god_temple
D:4:      layout_basic, grunt_ashenzari_visionary
          [grunt_ashenzari_visionary_swamp, grunt_ashenzari_visionary_snake]

Notes
Turn   | Place    | Note
-------+----------+-------------------------------------------
     0 | D:1      | Faeu the Minotaur Fighter began the quest for the Orb.
     0 | D:1      | Reached XP level 1. HP: 19/19 MP: 0/0
     0 | D:1      | magus.rc [v1.9.6]
    57 | D:1      | magus.rc [v1.9.6]
   237 | D:1      | Reached XP level 2. HP: 27/27 MP: 1/1
   359 | D:1      | Reached skill level 4 in Fighting
   542 | D:1      | Reached skill level 4 in Armour
   550 | D:1      | Reached skill level 4 in Shields
   721 | D:1      | Found a faded altar of an unknown god.
  1006 | D:2      | Reached skill level 3 in Long Blades
  1006 | D:2      | Reached XP level 3. HP: 33/33 MP: 2/2
  1073 | D:2      | Noticed Terence
  1086 | D:2      | Killed Terence
  1140 | D:2      | Noticed Robin
  1155 | D:2      | Reached XP level 4. HP: 37/41 MP: 3/3
  1166 | D:2      | Killed Robin
  1467 | D:2      | You add the spells Summon Forest, Eringya's Noxious Bog and
                  | Summon Hydra to your library.
  1526 | D:2      | Found a white marble altar of Elyvilon.
  2088 | D:3      | Found a bloodstained altar of Trog.
  2090 | D:3      | Found a radiant altar of Vehumet.
  2098 | D:3      | Became a worshipper of Trog the Wrathful
  2634 | D:3      | Found a blossoming altar of Fedhas.
  2636 | D:3      | Found a shimmering blue altar of Sif Muna.
  2638 | D:3      | Reached XP level 5. HP: 47/47 MP: 4/4
  3037 | D:4      | Noticed a necrophage
  3040 | D:4      | Noticed an ogre
  3047 | D:4      | Killed a necrophage
  3048 | D:4      | Reached skill level 5 in Fighting
  3048 | D:4      | Reached skill level 4 in Long Blades
  3048 | D:4      | Reached skill level 5 in Armour
  3048 | D:4      | Reached skill level 5 in Shields
  3051 | D:4      | HP: 8/48 [ogre/+0 giant spiked club (8)]
  3052 | D:4      | Mangled by an ogre

Vanquished Creatures
  A necrophage (D:4)
  Terence (D:2)
  Robin (D:2)
  3 adders
  An adder skeleton (D:4)
  6 worms
  4 dart slugs
  3 orcs (D:3)
  8 ball pythons
  6 endoplasms
  2 giant cockroaches
  13 goblins
  9 hobgoblins
  3 quokkas
  3 bats
  3 frilled lizards
  5 kobolds
  2 rats (D:1)
74 creatures vanquished.

Table legend:
 A = Non-vault XP
 B = Vault XP
 C = Vault XP percentage of total XP
 D = Non-vault monster count
 E = Vault monster count
 F = Vault count percentage of total count
                 A         B        C        D         E       F
            +---------+---------+-------+---------+---------+-------
      Total |     266 |     101 |  27.5 |      53 |      21 |  28.4
            +---------+---------+-------+---------+---------+-------
        D:1 |      31 |       4 |  11.4 |      17 |       2 |  10.5
        D:2 |      44 |      72 |  62.1 |      16 |      13 |  44.8
        D:3 |      63 |      25 |  28.4 |      17 |       6 |  26.1
        D:4 |     128 |       0 |   0.0 |       3 |       0 |   0.0
            +---------+---------+-------+---------+---------+-------

Illustrated notes

Table legend:
 A = Kills in this place as a percentage of kills in entire the game.
 B = Kills by you in this place as a percentage of kills by you in the entire game.
 C = Kills by friends in this place as a percentage of kills by friends in the entire game.
 D = Other kills in this place as a percentage of other kills in the entire game.
 E = Experience gained in this place as a percentage of experience gained in the entire game.
 F = Experience gained in this place divided by the number of levels of this place that you have seen.
                   A       B       C       D       E      F
               +-------+-------+-------+-------+-------+----------------------
         Total | 100.0 | 100.0 |   N/A |   N/A | 100.0 |  91.8
       Dungeon | 100.0 | 100.0 |   N/A |   N/A | 100.0 |  91.8
               +-------+-------+-------+-------+-------+----------------------

Table legend: (Time is in decaauts)
 A = Elapsed time spent in this place.
 B = Non-inter-level travel time spent in this place.
 C = Inter-level travel time spent in this place.
 D = Time resting spent in this place.
 E = Time spent auto-exploring this place.
 F = Levels seen in this place.
 G = Mean time per level.
                   A        B        C        D        E       F      G
               +--------+--------+--------+--------+--------+-----+--------+
         Total |   3096 |   3040 |     56 |      7 |   2367 |   4 |  774.0 |
       Dungeon |   3096 |   3040 |     56 |      7 |   2367 |   4 |  774.0 |
               +--------+--------+--------+--------+--------+-----+--------+

Top non-repeatable levels by time:
     D:2: 1138 daAuts
     D:3: 1067 daAuts
     D:1: 832 daAuts
     D:4: 57 daAuts
